 Dungeon Crawl Stone Soup version 0.24.0-1-gfbc8707 (webtiles) character file.

Game seed: 9511360041991921274, levelgen mode: deterministic

38185 Exaltedone87 the Basher (level 13, -2/135 HPs)
             Began as a Troll Fighter on Nov 4, 2019.
             Was an Elder of Jiyva.
             Slain by an elephant (5 damage)
             ... while petrified by a basilisk
             ... on level 5 of the Lair of Beasts.
             The game lasted 00:46:14 (14662 turns).

Exaltedone87 the Basher (Troll Fighter)            Turns: 14662, Time: 00:46:14

Health: -2/135     AC: 13    Str: 26    XL:     13   Next: 62%
Magic:  12/12      EV:  1    Int:  5    God:    Jiyva [****..]
Gold:   712        SH:  0    Dex: 15    Spells: 10/12 levels left

rFire    . . .     SeeInvis .   o - +6 whip of Iqou {elec, Dex+2}
rCold    + . .     Gourm    +   c - +3 shield
rNeg     + + +     Faith    .   M - +2 robe {rC+}
rPois    ∞         Spirit   .   H - +2 hat {MR+}
rElec    .         Reflect  +   y - +2 cloak {rPois}
rCorr    +         Harm     .   (gloves unavailable)
MR       +....                  (boots unavailable)
Stlth    ++........             i - +6 amulet of reflection
HPRegen  0.72/turn              a - ring of stealth
MPRegen  0.13/turn              b - +5 ring of evasion

@: petrified
A: large, unfitting armour, claws 3, blurry vision 1, fast metabolism 3,
gourmand, regeneration 1, shaggy fur 1, tough skin 3, wild magic 1
a: Request Jelly, Slimify, Renounce Religion


You were on level 5 of the Lair of Beasts.
You worshipped Jiyva.
Jiyva was greatly pleased with you.
You were not hungry.

You visited 3 branches of the dungeon, and saw 19 of its levels.
You also visited: Ossuary.

You collected 866 gold pieces.
You spent 154 gold pieces at shops.

Inventory:

Hand Weapons
 o - the +6 whip of Iqou (weapon) {elec, Dex+2}
   (You found it on level 5 of the Dungeon)

   Occasionally, upon striking a foe, it will discharge some electrical energy
   and cause terrible harm.
   It affects your dexterity (+2).
Armour
 c - a +3 shield (worn)
 y - a +2 cloak of poison resistance (worn)
 D - the -2 hat of the Alchemist {rElec rPois rF+ rC+ rN+ MR+ rMut rCorr}
   (You acquired it on level 4 of the Lair of Beasts)

   It protects you from fire.
   It protects you from cold.
   It insulates you from electricity.
   It protects you from poison.
   It protects you from negative energy.
   It affects your resistance to hostile enchantments.
   It provides partial protection from all sources of acid and corrosion.
   It protects you from mutation.
 H - a +2 hat of magic resistance (worn)
 M - a +2 robe of cold resistance (worn)
Jewellery
 a - a ring of stealth (left claw)
 b - a +5 ring of evasion (right claw)
 e - an uncursed amulet of regeneration
 i - a +6 amulet of reflection (around neck)
 E - an uncursed ring of positive energy
Wands
 d - a wand of scattershot (9)
 p - a wand of random effects (47)
 q - a wand of digging (11)
 w - a wand of paralysis (7)
 x - a wand of polymorph (25)
 z - a wand of clouds (4)
 B - a wand of disintegration (19)
 J - a wand of enslavement (7)
 K - a wand of iceblast (13)
Scrolls
 h - 10 scrolls of remove curse
 k - a scroll of fog
 n - a scroll of enchant weapon
 s - 4 scrolls of fear
 u - a scroll of brand weapon
 v - 7 scrolls of teleportation
 C - 2 scrolls of amnesia
 F - 2 scrolls of blinking
 G - 3 scrolls of identify
 N - a scroll of immolation {unknown}
Potions
 g - 3 potions of haste
 j - 2 potions of might
 l - a potion of heal wounds
 m - 3 potions of flight
 r - a potion of agility
 t - a potion of ambrosia
 A - a potion of magic
 I - a potion of curing
Comestibles
 f - 29 rations


   Skills:
 * Level 10.7 Fighting
 - Level 12.0 Maces & Flails
 + Level 9.8 Dodging
 + Level 9.9 Shields


You had 10 spell levels left.
You knew the following spells:

 Your Spells              Type           Power        Failure   Level  Hunger
a - Blink                 Tloc           N/A          71%         2    ###....

Your spell library contained the following spells:

 Spells                   Type           Power        Failure   Level  Hunger
 Freeze                   Ice            #...         56%         1    ##.....
 Magic Dart               Conj           #...         56%         1    ##.....
 Call Imp                 Summ           #.......     71%         2    ###....
 Slow                     Hex            #.......     71%         2    ###....
 Throw Frost              Conj/Ice       #.....       71%         2    ###....
 Conjure Flame            Conj/Fire      #.......     89%         3    ####...
 Mephitic Cloud           Conj/Pois/Air  #.......     89%         3    ####...
 Ozocubu's Armour         Chrm/Ice       #.......     89%         3    ####...
 Summon Ice Beast         Ice/Summ       #.......     99%         4    #####..
 Throw Icicle             Conj/Ice       #.......     99%         4    #####..


Dungeon Overview and Level Annotations

Branches:
Dungeon (12/15)            Temple (1/1) D:5            Lair (6/6) D:9
 Shoals (0/4) Lair:2       Spider (0/4) Lair:3        Slime (0/5) Lair:6
    Orc (0/2) D:12        Ossuary (visited)

Altars:
Cheibriados
Elyvilon
Gozag
Nemelex Xobeh
Qazlal
Ru
Sif Muna
Trog
Wu Jian
Beogh
Jiyva

Shops:
D:6 (*((   D:9 :   D:10 *   D:12 (


Innate Abilities, Weirdness & Mutations

You are too large for most types of armour.
You have claws for hands.
Your metabolism is lightning-fast.
You like to eat raw meat.
Your natural rate of healing is unusually fast.
You are covered in fur. (AC +1)
You have extremely tough skin. (AC +3)
Scrolls take you a little longer to read.
Your spells are a little harder to cast, but a little more powerful.


Message History

The elephant tramples you!
* * * LOW HITPOINT WARNING * * *
You hold your ground!
The elephant trunk-slaps you but does no damage.
The basilisk bites you.
* * * LOW HITPOINT WARNING * * *
The elephant tramples you but does no damage.
The elephant trunk-slaps you. The elephant tramples you.
* * * LOW HITPOINT WARNING * * *
You hold your ground!
The elephant trunk-slaps you but does no damage.
The elephant tramples you but does no damage.
The elephant trunk-slaps you but does no damage.
The elephant tramples you but does no damage.
The elephant trunk-slaps you but does no damage.
The elephant tramples you but does no damage.
The elephant trunk-slaps you but does no damage.
You hear a distant slurping noise.
You feel a little less hungry. The elephant tramples you!
You die...

####......#####..####
##....#..P## #....##
##..........#####....<#
#.#..........#..+.....###
##..........##........+.#
#...........#......PPP..
##.........#..#.....PP..
##.......lYY..##......P#
#.......tY@Y.........###
##.......YY###.......P#
##.......YY####P......##
#...........# ##......P#
#..#.#...#..# ##†.P+#.##
###........#.##†##..###
#.....P....##.§.+#.#
###........##>÷##....#
#..........##..# F....#


You could see 8 elephants, a basilisk and a crocodile.

Vanquished Creatures
  The ghost of Gihoe the Covert, a journeyman GnEn (Lair:4)
  Fannar (Lair:2)
  Harold (D:9)
  3 hydras
  A two-headed ogre (D:9)
  A death yak (Lair:5)
  Nergalle (Lair:2)
  2 unseen horrors
  Pikel (D:7)
  A deep elf mage (D:12)
  2 ugly things (D:11)
  2 oklob plants (Lair:3)
  A cyclops (D:9)
  8 elephants
  2 merfolk sirens (Lair:2)
  2 centaur zombies
  2 black mambas
  8 spiny frogs
  5 rime drakes (Lair:4)
  2 komodo dragons (Lair:4)
  4 slime creatures (D:12)
  A jumping spider (Lair:3)
  2 merfolk (Lair:2)
  8 blink frogs
  2 trolls
  9 hippogriffs
  A spriggan (D:8)
  A shadow (D:11)
  2 redbacks (Lair:3)
  21 yaks
  2 wyverns (Lair:3)
  A wraith (D:11)
  3 vampire mosquitoes (D:12)
  Eustachio (D:6)
  Menkaure (D:5)
  Duvessa (D:6)
  7 porcupines
  6 water moccasins
  5 orc warriors
  5 ogres
  An ice beast (D:7)
  2 black mamba simulacra (Lair:4)
  4 sky beasts
  2 phantoms
  20 wolves
  6 centaurs
  9 crocodiles
  2 big kobolds (D:9)
  Blork the orc (D:5)
  16 bullfrogs
  A wyvern zombie (D:9)
  Dowan (D:6)
  4 scorpions
  2 dream sheep simulacra (Lair:4)
  An elephant simulacrum (Lair:4)
  8 killer bees
  19 wights
  3 electric eels (D:8)
  3 crimson imps
  8 orc wizards
  3 jellies
  8 orc priests
  A bullfrog skeleton (D:10)
  4 hounds
  Crazy Yiuf (D:6)
  4 iguanas
  10 worker ants
  A killer bee zombie (D:6)
  A hound zombie (D:3)
  4 mummies (Ossuary)
  2 worker ant zombies
  16 adders
  3 gnolls (D:3)
  2 howler monkey skeletons
  3 shadow imps
  An ooze (D:3)
  3 adder skeletons
  An adder zombie (D:8)
  4 worms
  2 dart slugs
  6 leopard geckos
  36 orcs
  3 ball pythons
  8 giant cockroaches
  3 gnoll zombies (Ossuary)
  9 hobgoblins
  8 jackals
  2 quokkas
  6 bats
  3 frilled lizards
  4 gnoll skeletons (Ossuary)
  6 goblins
  3 goblin skeletons (Ossuary)
  6 goblin zombies (Ossuary)
  3 hobgoblin skeletons (Ossuary)
  4 hobgoblin zombies (Ossuary)
  A jackal skeleton (D:4)
  15 kobolds
  5 kobold zombies (Ossuary)
  A leopard gecko skeleton (D:5)
  7 orc skeletons (Ossuary)
  4 orc zombies (Ossuary)
  4 rats
  7 rat skeletons (Ossuary)
  2 rat zombies (Ossuary)
473 creatures vanquished.

Vanquished Creatures (others)
  2 porcupines (Lair:2)
  A water moccasin (Lair:2)
  A centaur (D:10)
  2 bullfrogs
  23 jellies
  2 kobolds (D:9)
  A hobgoblin skeleton (Ossuary)
  A rat zombie (Ossuary)
  7 fungi
  2 plants
42 creatures vanquished.

Grand Total: 515 creatures vanquished

Notes
Turn   | Place    | Note
-------+----------+-------------------------------------------
     0 | D:1      | Exaltedone87 the Troll Fighter began the quest for the Orb.
     0 | D:1      | Reached XP level 1. HP: 22/22 MP: 0/0
   216 | D:1      | Reached skill level 2 in Maces & Flails
   284 | D:1      | Reached XP level 2. HP: 29/29 MP: 1/1
  1076 | D:2      | Reached XP level 3. HP: 26/36 MP: 2/2
  1520 | D:2      | Noticed a centaur
  1533 | D:2      | Killed a centaur
  1533 | D:2      | Reached skill level 3 in Maces & Flails
  1533 | D:2      | Reached XP level 4. HP: 20/45 MP: 3/3
  1533 | D:2      | Reached XP level 5. HP: 23/53 MP: 4/4
  2308 | D:3      | Reached XP level 6. HP: 16/61 MP: 5/5
  2320 | D:3      | Reached skill level 4 in Maces & Flails
  2875 | D:4      | Found an ornate altar of the Wu Jian Council.
  3171 | D:4      | Reached XP level 7. HP: 39/68 MP: 6/6
  3293 | D:5      | Entered Level 5 of the Dungeon
  3438 | D:5      | Got a fine whip
  3439 | D:5      | Identified the +6 whip of Iqou {elec, Dex+2} (You found it
                  | on level 5 of the Dungeon)
  3516 | D:5      | Noticed Blork the orc
  3525 | D:5      | Killed Blork the orc
  3525 | D:5      | Reached skill level 5 in Maces & Flails
  3595 | D:5      | Found a staircase to the Ecumenical Temple.
  3604 | Temple   | Entered the Ecumenical Temple
  3785 | D:5      | Noticed Menkaure
  3790 | D:5      | Killed Menkaure
  4194 | D:6      | Found Nalleig's Assorted Antiques.
  4200 | D:6      | Bought a notched sapphire ring for 110 gold pieces
  4200 | D:6      | Bought a scroll of identify for 44 gold pieces
  4212 | D:6      | Found Dilisk's Weapon Shop.
  4237 | D:6      | Reached XP level 8. HP: 44/78 MP: 7/7
  4259 | D:6      | Found Botaesm's Weapon Shoppe.
  4305 | D:6      | Found Vouvoyr's Antique Weapon Shop.
  4378 | D:6      | Found a shimmering blue altar of Sif Muna.
  4416 | D:6      | Noticed Eustachio
  4423 | D:6      | Killed Eustachio
  4423 | D:6      | Reached skill level 6 in Maces & Flails
  4429 | D:6      | Found a sand-covered staircase.
  4436 | Ossuary  | Entered an ossuary
  4973 | D:6      | Got a polished broad axe
  5032 | D:6      | Noticed Duvessa
  5032 | D:6      | Noticed Dowan
  5051 | D:6      | Killed Duvessa
  5059 | D:6      | Killed Dowan
  5081 | D:6      | Found a runed translucent door.
  5082 | D:6      | Noticed Crazy Yiuf
  5086 | D:6      | Killed Crazy Yiuf
  5190 | D:6      | Identified the +5 broad axe of Circularity {drain, rN++
                  | Str-5 Int+5} (You found it on level 6 of the Dungeon)
  5216 | D:7      | Reached skill level 7 in Maces & Flails
  5245 | D:7      | Reached skill level 5 in Fighting
  5245 | D:7      | Reached skill level 5 in Dodging
  5245 | D:7      | Reached skill level 5 in Shields
  5245 | D:7      | Reached XP level 9. HP: 61/88 MP: 8/8
  5527 | D:7      | Found a snail-covered altar of Cheibriados.
  5697 | D:7      | Noticed Pikel
  5721 | D:7      | Killed Pikel
  5721 | D:7      | Reached skill level 8 in Maces & Flails
  6360 | D:8      | Reached XP level 10. HP: 94/98 MP: 9/9
  6487 | D:8      | Found a stormy altar of Qazlal.
  6696 | D:8      | Reached skill level 9 in Maces & Flails
  6832 | D:9      | Found a staircase to the Lair.
  6832 | D:9      | Noticed a two-headed ogre
  6842 | D:9      | Killed a two-headed ogre
  6886 | D:9      | Noticed a cyclops
  6898 | D:9      | Killed a cyclops
  6964 | D:9      | Noticed Harold
  6976 | D:9      | Killed Harold
  7046 | D:9      | Found Ciylleff's Book Boutique.
  7139 | D:9      | Found an opulent altar of Gozag.
  7499 | D:10     | Entered Level 10 of the Dungeon
  7587 | D:10     | Learned a level 2 spell: Blink
  7628 | D:10     | Reached skill level 10 in Maces & Flails
  7736 | D:10     | Found Faaraog's Assorted Antiques.
  7864 | D:10     | Killed an unseen horror
  7864 | D:10     | Reached XP level 11. HP: 46/107 MP: 10/10
  8622 | D:11     | Noticed a brown ugly thing
  8650 | D:11     | Killed a brown ugly thing
  8807 | D:12     | Noticed a white ugly thing
  8836 | D:11     | Killed a white ugly thing
  9069 | D:12     | Killed an unseen horror
  9069 | D:12     | Reached skill level 11 in Maces & Flails
  9084 | D:12     | Noticed an eight-headed hydra
  9097 | D:12     | Killed an eight-headed hydra
  9364 | D:12     | Found Plog's Weapon Shoppe.
  9423 | D:12     | Found a staircase to the Orcish Mines.
  9796 | D:12     | Found a roughly hewn altar of Beogh.
  9796 | D:12     | Noticed a deep elf mage
  9807 | D:12     | Killed a deep elf mage
 10046 | Lair:1   | Entered Level 1 of the Lair of Beasts
 10095 | Lair:1   | Reached XP level 12. HP: 103/119 MP: 11/11
 10366 | Lair:1   | Got a twisted flail
 10376 | Lair:1   | Identified the +8 flail "Jugyich" {venom, Dex+6} (You found
                  | it on level 1 of the Lair of Beasts)
 10399 | Lair:1   | You fall into a shaft and drop 1 floor!
 10653 | Lair:5   | Reached skill level 12 in Maces & Flails
 10678 | Lair:6   | Entered Level 6 of the Lair of Beasts
 10763 | Lair:6   | Noticed a death yak
 10764 | Lair:6   | Found a staircase to the Slime Pits.
 10782 | Lair:6   | Found a viscous altar of Jiyva.
 10784 | Lair:6   | Noticed a death yak
 10790 | Lair:6   | Became a worshipper of Jiyva Jucvuav the Shapeless
 10793 | Lair:6   | Noticed a death yak
 10793 | Lair:6   | Noticed a death yak
 10803 | Lair:6   | Noticed a death yak
 10841 | Lair:5   | Killed a death yak
 10950 | Lair:2   | Noticed Fannar
 10967 | Lair:2   | Killed Fannar
 11356 | Lair:1   | Reached * piety under Jiyva
 11578 | Lair:2   | Noticed Nergalle
 11597 | Lair:2   | Killed Nergalle
 11672 | Lair:2   | Reached ** piety under Jiyva
 11952 | Lair:2   | Noticed a five-headed hydra
 11970 | Lair:2   | Killed a five-headed hydra
 12145 | Lair:2   | Found a staircase to the Shoals.
 12173 | Lair:2   | Reached XP level 13. HP: 95/131 MP: 12/12
 12690 | Lair:3   | Found a hole to the Spider Nest.
 12983 | Lair:3   | Reached skill level 10 in Fighting
 13120 | Lair:3   | Reached *** piety under Jiyva
 13414 | Lair:4   | Gained mutation: Scrolls take you a little longer to read.
                  | [Jiyva's grace]
 13535 | D:10     | Reached **** piety under Jiyva
 13675 | Lair:4   | Found a runed translucent gate.
 13675 | Lair:4   | Found a runed translucent gate.
 13675 | Lair:4   | Found a runed translucent gate.
 13702 | Lair:4   | Noticed Gihoe's ghost (journeyman GnEn)
 13842 | Lair:4   | Gained mutation: Your spells are a little harder to cast,
                  | but a little more powerful. [Jiyva's grace]
 14489 | Lair:4   | Killed Gihoe's ghost
 14516 | Lair:4   | Got the ring of Gluttony {Fire}
 14531 | Lair:4   | Identified the ring of Gluttony {Fire rN+ Int+6 Stlth-}
                  | (You found it on level 4 of the Lair of Beasts)
 14551 | Lair:4   | Identified a scroll of acquirement
 14551 | Lair:4   | Found the -2 hat of the Alchemist {rElec rPois rF+ rC+ rN+
                  | MR+ rMut rCorr}
 14661 | Lair:5   | HP: 5/135 [elephant (5)]
 14661 | Lair:5   | HP: 2/135 [elephant (1)]
 14662 | Lair:5   | Slain by an elephant

Levels and vault maps discovered:
D:1:      ebering_trefoil_3fold, layout_loops_ring, serial_forest,
          infiniplex_forest_fountain, infiniplex_forest_straight_2,
          infiniplex_forest_clump_long, infiniplex_forest_lined_corner,
          infiniplex_forest_clump_medium, infiniplex_forest_end_2,
          infiniplex_forest_clump_tiny, infiniplex_forest_corner_1
D:2:      layout_basic, first_ration, serial_bayou, serial_bayou_pond_e,
          serial_bayou_shore_a, serial_bayou_crossing, serial_bayou_pond_c,
          nrook_campfire, kennysheep_small_spiral
D:3:      layout_rooms
D:4:      layout_rooms, kennysheep_mini, minivault_25
D:5:      layout_loops_cross, minmay_temple_entry_mist, gup_sewer_entry_bubbles,
          uniq_blork_the_orc, uniq_menkaure
D:6:      layout_loops_ring, serial_shops, shop_fountains,
          nicolae_shop_overgrown_old_shop, shop, shop,
          chequers_ossuary_entry_cave, led_sif_pool, uniq_eustachio,
          uniq_crazy_yiuf_cottage, uniq_duvessa
D:7:      layout_gridville, basic_altar, glass_columns_a, uniq_pikel
D:8:      layout_basic, the_bakery, grunt_qazlal_sundering
D:9:      minmay_diamond_stairs, layout_loops_ring, serial_shops, shop,
          grunt_gozag_breadcrumbs, uniq_harold
D:10:     layout_cave_pools, serial_shops, shop
D:11:     layout_roguey
D:12:     layout_irregular_city, minmay_orc_entry_temple_small, serial_shops,
          nicolae_shop_competitors_out_of_business
Temple:   nicolae_temple_the_god_donut
Lair:1:   layout_regular_city
Lair:2:   layout_cave_pods, elwin_shoals_entry_stream, uniq_nergalle,
          uniq_fannar
Lair:3:   layout_loops_ring, spider_nest_entry_a, minmay_lair_oklob_chamber,
          grunt_megastairs_4
Lair:4:   layout_hall_layers, gammafunk_ghost_icy, lemuel_fruit_fields,
          grunt_megastairs_1
Lair:5:   layout_roguey, st_stairs_7
Lair:6:   cheibrodos_lair_end_hotspot, layout_long_grid, slime_altar_1,
          gammafunk_lair_bear_cave

Skill      XL: |  1  2  3  4  5  6  7  8  9 10 11 12 13 |
---------------+----------------------------------------+-----
Maces & Flails | 2 3 4 5 7 8 10 11 12 | 12.0
Fighting       | 3 4 5 6 7 9 10 | 10.7
Dodging        | 3 4 5 6 7 9 |  9.8
Shields        | 3 4 5 6 7 9 |  9.9

Action                   |  1- 3 |  4- 6 |  7- 9 | 10-12 | 13-15 || total
-------------------------+-------+-------+-------+-------+-------++-------
Melee: Flail             |   214 |   213 |     5 |       |       ||   432
       Whip              |       |       |   391 |   826 |   382 ||  1599
  Use: Potion            |     1 |     6 |     5 |     5 |     1 ||    18
       Scroll            |     1 |     4 |    11 |    13 |     4 ||    33
 Stab: Sleeping          |       |       |     6 |    14 |     2 ||    22
       Invisible         |       |       |       |     1 |       ||     1
       Distracted        |       |       |       |       |     1 ||     1
  Eat: Chunk             |    19 |    15 |    25 |    49 |    14 ||   122
       Ration            |       |       |     2 |       |       ||     2
Armor: Robe              |   127 |    89 |    56 |   118 |    80 ||   470
Dodge: Dodged            |   101 |   114 |    90 |   225 |   161 ||   691
Block: Shield            |   158 |   151 |   157 |   638 |   305 ||  1409
       Reflection        |       |       |       |    24 |     2 ||    26
